Map: Eternal Empire LE

Players

MarineLorD

  • Race: Terran Terran
  • League: Master
  • Spawn Location: 7:00

AGOElazer (Elazer) - Winner!

  • Race: Zerg Zerg
  • League: Master
  • Spawn Location: 1:00

Event: DreamHack SC2 Masters 2020 Fall

VOD

Have the link to the VOD?

Description

Time

  • Played on: Sept. 2, 2020, 1:38 p.m.
  • Length: 26:27

All games in this series

Show
View Real Time Build Order
Export as new Build Order

MarineLorD Terran 

Build Orders: Reaper Expand 

Get SALT Encoding   

  12  0:00  SCV  
  13  0:12  SCV  
  14  0:17  Supply Depot  
  14  0:24  SCV  
  15  0:38  SCV  
  15  0:40  Barracks  
  16  0:44  Refinery  
  16  0:50  SCV  
  17  1:03  SCV  
  18  1:15  SCV  
  19  1:27  Orbital Command, Reaper  
  20  1:40  Command Center  
  20  1:49  Supply Depot  
  20  1:52  SCV  
  21  1:59  Barracks Reactor  
  21  2:04  SCV  
  22  2:16  SCV  
  23  2:24  Command Center  
  23  2:29  SCV  
  24  2:36  Marine x2  
  26  2:41  SCV  
  26  2:42  Factory  
  27  2:49  Refinery  
  27  2:54  Orbital Command  
  27  2:56  SCV  
  28  2:59  Marine  
  28  3:01  Marine  
  30  3:08  SCV  
  31  3:20  SCV  
  31  3:25  SCV  
  33  3:27  Starport  
  33  3:32  SCV  
  34  3:37  SCV  
  34  3:38  Hellion x2  
  39  3:43  Orbital Command  
  39  3:44  SCV  
  39  3:46  Refinery  
  40  3:49  SCV  
  40  3:55  Starport  
  41  3:56  SCV  
  41  4:02  Hellion x2  
  46  4:03  SCV  
  46  4:08  SCV, Refinery  
  48  4:10  Starport Tech Lab  
  48  4:14  Fusion Core  
  48  4:16  SCV  
  49  4:19  SCV  
  49  4:21  SCV  
  51  4:28  SCV  
  52  4:31  SCV, Supply Depot  
  52  4:33  SCV  
  52  4:35  Supply Depot  
  52  4:37  Starport Tech Lab  
  54  4:40  SCV  
  54  4:43  SCV  
  54  4:45  SCV  
  58  4:52  SCV  
  58  4:55  SCV  
  58  4:57  SCV  
  60  5:01  Battlecruiser  
  60  5:05  SCV  
  69  5:07  SCV  
  69  5:10  Battlecruiser  
  69  5:13  SCV  
  74  5:17  SCV  
  74  5:19  SCV  
  74  5:21  Supply Depot  
  74  5:22  Supply Depot  
  74  5:25  SCV  
  74  5:26  Weapon Refit  
  75  5:29  SCV  
  75  5:30  Supply Depot  
  75  5:31  Orbital Command, Supply Depot  
  76  5:37  SCV  
  77  5:43  Hellion x2, SCV  
  77  5:47  Engineering Bay  
  77  5:49  SCV  
  83  5:52  Refinery  
  83  5:55  SCV  
  83  5:56  Refinery  
  84  5:57  SCV  
  84  6:01  SCV  
  86  6:04  Widow Mine x2  
  86  6:07  SCV  
  86  6:09  Battlecruiser  
  86  6:10  SCV  
  98  6:15  SCV  
  98  6:16  Supply Depot  
  99  6:19  SCV  
  99  6:20  Battlecruiser  
  99  6:23  SCV  
  107  6:28  Missile Turret x2, SCV, Supply Depot  
  107  6:31  SCV  
  107  6:32  Missile Turret  
  109  6:37  SCV  
  110  6:40  SCV  
  110  6:43  SCV  
  112  6:48  Armory x2  
  112  6:49  SCV  
  112  6:52  Widow Mine x2, SCV  
  118  7:00  Missile Turret, SCV  
  119  7:05  Supply Depot  
  119  7:06  Supply Depot  
  119  7:07  Factory  
  119  7:09  Factory, SCV x2  
  121  7:23  Supply Depot  
  121  7:26  Battlecruiser  
  127  7:32  Command Center  
  127  7:37  Supply Depot  
  127  7:39  Terran Vehicle And Ship Armor Level 1, Terran Ship Weapons Level 1  
  127  7:45  Battlecruiser  
  119  8:06  Hellion x2  
  119  8:12  SCV  
  114  8:28  Hellion  
  114  8:31  Battlecruiser  
  114  8:33  Hellion  
  111  8:36  SCV x2  
  111  8:38  SCV  
  101  8:48  SCV x2  
  101  8:49  Hellion, Battlecruiser  
  101  8:50  SCV  
  99  9:00  SCV x2  
  99  9:02  SCV  
  97  9:12  SCV x2  
  97  9:14  Factory Tech Lab, SCV  
  97  9:15  Factory Tech Lab  
  99  9:24  SCV x2  
  99  9:26  SCV  
  102  9:34  Orbital Command  
  102  9:36  Hellion, SCV  
  102  9:37  Hellion x2, SCV  
  102  9:38  Infernal Pre-Igniter, SCV  
  110  9:39  Battlecruiser  
  117  9:46  Missile Turret  
  117  9:48  Hellion  
  117  9:49  SCV x2  
  117  9:50  SCV  
  122  9:58  Hellion  
  122  9:59  Hellion x2  
  128  10:01  SCV x2  
  128  10:03  SCV  
  128  10:05  SCV  
  132  10:07  Command Center  
  132  10:09  Hellion, Supply Depot  
  132  10:10  Supply Depot  
  132  10:12  Supply Depot  
  134  10:14  Supply Depot  
  134  10:15  Supply Depot  
  134  10:16  SCV x2  
  134  10:18  Terran Vehicle Weapons Level 1, Terran Vehicle And Ship Armor Level 2  
  136  10:24  Cyclone  
  136  10:25  Mag-Field Accelerator  
  136  10:28  Hellion  
  135  10:30  SCV x2  
  135  10:31  SCV  
  135  10:33  SCV  
  139  10:39  Hellion x2  
  139  10:42  SCV x2  
  131  10:43  SCV  
  131  10:46  SCV  
  130  10:50  Hellion x2  
  130  10:54  SCV x2  
  130  10:55  SCV  
  120  10:58  SCV  
  121  11:06  SCV x2  
  123  11:19  SCV x4  
  128  11:31  SCV x4  
  132  11:35  Missile Turret  
  131  11:43  Cyclone x2  
  131  11:44  SCV  
  138  11:48  SCV  
  138  11:49  SCV x2  
  141  11:57  Planetary Fortress  
  141  11:58  SCV  
  141  12:00  SCV  
  143  12:03  Hellion  
  143  12:05  Hellion  
  143  12:07  Missile Turret  
  143  12:08  Missile Turret  
  147  12:11  SCV, Unknown  
  148  12:19  Cyclone x2  
  143  12:32  Supply Depot  
  143  12:33  SCV x4  
  143  12:35  Widow Mine  
  143  12:36  Drilling Claws, Widow Mine  
  151  12:39  Terran Vehicle And Ship Armor Level 3, Terran Ship Weapons Level 2  
  151  12:40  Factory  
  151  12:41  Factory  
  151  12:42  Factory  
  151  12:43  Factory  
  151  12:53  Cyclone x2  
  157  13:02  Widow Mine x2  
  161  13:13  Command Center  
  161  13:16  Battlecruiser  
  166  13:23  Battlecruiser  
  166  13:26  SCV x2  
  159  13:29  SCV  
  159  13:30  SCV  
  155  13:42  SCV x3  
  155  13:45  Hellion  
  155  13:46  Hellion x3  
  162  13:50  SCV x2  
  162  13:52  Hellion  
  162  13:54  SCV  
  158  14:01  SCV x2  
  133  14:07  SCV  
  130  14:11  SCV  
  130  14:14  SCV  
  126  14:18  SCV  
  126  14:21  Battlecruiser  
  126  14:22  SCV x2  
  135  14:30  SCV  
  132  14:39  Battlecruiser  
  132  14:40  Widow Mine x3  
  136  14:47  Widow Mine, Cyclone  
  136  14:52  Refinery, SCV  
  143  15:01  Planetary Fortress  
  143  15:02  Missile Turret  
  140  15:07  Missile Turret, SCV x2  
  140  15:12  Terran Ship Weapons Level 3  
  142  15:18  Missile Turret  
  142  15:21  SCV x3  
  142  15:24  SCV x2  
  147  15:33  SCV x3  
  147  15:35  Sensor Tower  
  150  15:36  SCV x2  
  150  15:37  Hellion x3  
  158  15:45  SCV x2  
  168  15:50  Hellion  
  168  15:52  SCV x2  
  168  15:53  SCV  
  171  16:02  SCV  
  150  16:22  Cyclone x2  
  150  16:24  Hellion x2  
  147  16:34  Factory Tech Lab x3, Factory Reactor  
  147  16:37  Refinery  
  147  16:38  Refinery, SCV  
  147  16:39  Command Center, Factory  
  140  16:40  Command Center, Factory  
  140  16:45  Hellion x2  
  146  16:47  SCV x2  
  146  16:53  Hellion  
  146  16:54  Cyclone  
  146  16:59  Terran Vehicle Weapons Level 2  
  143  17:01  Neosteel Armor  
  143  17:08  Cyclone, Widow Mine x2  
  150  17:11  Missile Turret  
  150  17:15  Widow Mine x2  
  154  17:18  Widow Mine x2  
  154  17:19  Widow Mine  
  160  17:26  Battlecruiser  
  161  17:36  SCV x2  
  151  17:45  Widow Mine x4  
  151  17:46  Cyclone x3  
  168  17:55  Orbital Command  
  168  17:56  Factory Tech Lab x2  
  168  18:03  Battlecruiser  
  171  18:13  SCV  
  171  18:14  SCV  
  171  18:16  SCV  
  171  18:17  SCV x3  
  174  18:26  SCV  
  167  18:29  Missile Turret  
  167  18:31  Orbital Command, Missile Turret  
  167  18:33  Missile Turret  
  157  18:41  SCV x2  
  153  18:49  Hellion x3, Cyclone  
  161  18:56  Cyclone x2  
  161  18:59  SCV  
  166  19:04  Cyclone  
  167  19:14  SCV x2  
  143  19:28  Widow Mine x4  
  151  19:40  Orbital Command  
  157  20:04  SCV  
  158  20:16  SCV  
  158  20:18  Planetary Fortress  
  150  20:28  SCV  
  145  20:33  Missile Turret x2  
  145  20:35  Missile Turret  
  145  20:38  Cyclone  
  138  20:54  Cyclone  
  138  20:56  Cyclone  
  126  21:11  Orbital Command  
  92  22:39  Cyclone  
  92  22:42  Orbital Command  
  92  23:18  Cyclone  
  92  23:19  Widow Mine  
  69  24:45  Hellion x7  
Show
View Real Time Build Order
Export as new Build Order

AGOElazer Zerg - Winner!

Build Orders: Hatch First, Muta Ling Bane 

Get SALT Encoding   

  12  0:00  Drone  
  13  0:12  Overlord  
  13  0:16  Drone  
  14  0:30  Drone x2  
  16  0:47  Hatchery  
  15  0:51  Drone  
  15  0:54  Drone  
  17  0:58  Drone  
  18  1:08  Extractor  
  17  1:13  Spawning Pool  
  17  1:16  Drone  
  17  1:19  Drone  
  18  1:28  Drone  
  19  1:38  Drone  
  20  1:49  Drone  
  21  1:59  Queen x2  
  21  2:00  Overlord, Zergling x2  
  26  2:10  Zergling x2  
  26  2:11  Drone, Metabolic Boost  
  28  2:21  Drone x2  
  30  2:33  Drone x2  
  30  2:35  Queen  
  34  2:37  Queen  
  34  2:43  Overlord  
  36  2:47  Overlord  
  36  3:01  Drone x2  
  36  3:05  Drone x2  
  40  3:10  Drone x6  
  48  3:20  Drone x2  
  48  3:31  Hatchery  
  47  3:37  Lair  
  47  3:38  Overlord  
  47  3:39  Drone x2, Extractor  
  48  3:42  Overlord  
  48  3:47  Overlord  
  48  3:50  Extractor  
  48  3:51  Extractor  
  46  3:56  Drone x3  
  46  3:57  Drone x3  
  52  4:07  Drone  
  51  4:13  Baneling Nest  
  50  4:17  Drone x4  
  50  4:19  Drone x3  
  50  4:23  Overlord  
  57  4:34  Zergling x4  
  57  4:35  Spire  
  57  4:37  Overseer  
  58  4:41  Zergling x2  
  58  4:45  Queen  
  61  4:46  Zergling x4  
  61  4:49  Zergling x12  
  69  4:53  Overlord  
  69  4:59  Centrifical Hooks  
  69  5:00  Overlord  
  69  5:01  Zergling x2  
  69  5:17  Drone x6  
  69  5:19  Drone x2, Extractor  
  69  5:20  Drone  
  77  5:24  Overlord  
  77  5:25  Overlord  
  77  5:29  Zergling x2  
  78  5:39  Spore Crawler  
  76  5:45  Overlord  
  76  5:47  Mutalisk x7  
  90  5:53  Mutalisk  
  93  5:57  Mutalisk  
  93  6:02  Overlord  
  95  6:06  Zerg Flyer Weapons Level 1  
  95  6:07  Zergling x12  
  95  6:08  Zergling x4  
  103  6:12  Overlord  
  103  6:15  Mutalisk  
  105  6:21  Mutalisk  
  105  6:24  Overlord  
  107  6:28  Mutalisk  
  108  6:34  Overlord  
  108  6:36  Mutalisk  
  108  6:37  Zergling x2  
  108  6:38  Zergling x12  
  117  6:42  Overlord  
  117  6:45  Mutalisk  
  119  6:51  Drone x2  
  119  6:52  Drone, Extractor  
  119  6:53  Overlord  
  121  6:56  Mutalisk x2  
  125  7:05  Overlord  
  125  7:12  Mutalisk x2  
  125  7:15  Zergling x18  
  134  7:21  Baneling x5  
  134  7:28  Baneling x5  
  134  7:29  Baneling  
  134  7:31  Zergling x6, Baneling  
  134  7:33  Baneling, Hatchery  
  136  7:42  Mutalisk  
  136  7:44  Zergling x14  
  141  7:47  Mutalisk  
  141  8:01  Zergling x2  
  141  8:02  Zergling x12  
  138  8:10  Mutalisk x4  
  141  8:13  Zergling x4  
  139  8:21  Mutalisk x2  
  139  8:23  Zergling x10  
  136  8:32  Mutalisk  
  127  8:39  Zergling x12  
  123  8:42  Zergling x4  
  123  8:46  Corruptor  
  118  8:51  Corruptor x2  
  107  8:58  Corruptor x2  
  104  9:05  Zergling x6  
  104  9:08  Corruptor  
  104  9:12  Corruptor  
  105  9:18  Corruptor  
  105  9:20  Drone x4  
  111  9:24  Drone x2  
  111  9:25  Drone  
  111  9:28  Corruptor  
  116  9:36  Drone x5  
  119  9:40  Unknown  
  119  9:42  Zerg Flyer Weapons Level 2  
  118  9:46  Drone x3  
  118  9:49  Drone x2  
  123  9:55  Drone x4  
  123  9:59  Corruptor  
  129  10:08  Baneling x3  
  129  10:10  Corruptor x3  
  135  10:14  Corruptor  
  137  10:22  Corruptor x2  
  137  10:23  Corruptor  
  137  10:24  Drone  
  144  10:28  Drone x4  
  123  10:50  Drone x7  
  123  10:56  Extractor  
  122  10:57  Zergling x22  
  122  11:03  Hatchery  
  128  11:07  Evolution Chamber  
  128  11:08  Corruptor x2  
  128  11:10  Evolution Chamber  
  130  11:17  Mutalisk x5  
  140  11:20  Mutalisk  
  140  11:21  Mutalisk  
  144  11:28  Mutalisk x3  
  150  11:33  Overlord  
  150  11:35  Zerg Melee Weapons Level 1  
  150  11:36  Drone x3  
  153  11:40  Zerg Ground Armor Level 1  
  153  11:45  Mutalisk  
  153  11:46  Drone x3  
  158  11:48  Extractor  
  158  11:50  Extractor  
  155  11:55  Mutalisk  
  155  11:56  Mutalisk  
  159  12:02  Hatchery  
  159  12:04  Zerg Flyer Armor Level 1  
  159  12:05  Zergling x2  
  159  12:06  Zergling x14  
  159  12:07  Mutalisk  
  168  12:11  Mutalisk  
  170  12:16  Mutalisk  
  170  12:22  Mutalisk  
  170  12:27  Mutalisk  
  170  12:28  Unknown, Mutalisk  
  151  12:31  Mutalisk  
  151  12:33  Zergling x20  
  163  12:40  Drone  
  163  12:41  Drone x2  
  163  12:43  Drone  
  167  12:47  Mutalisk x4  
  175  12:52  Baneling x7  
  175  13:03  Mutalisk x3  
  181  13:08  Drone  
  181  13:09  Drone x2  
  184  13:19  Mutalisk x4  
  189  13:28  Hatchery  
  189  13:32  Zergling x12  
  189  13:33  Zergling x6  
  192  13:35  Mutalisk  
  192  13:38  Baneling x18  
  192  13:40  Extractor x2, Overlord x2  
  192  13:41  Overlord  
  186  13:49  Mutalisk x3  
  186  13:55  Hatchery  
  166  14:04  Mutalisk x4  
  166  14:09  Zergling x26  
  162  14:15  Mutalisk  
  146  14:23  Mutalisk x4  
  152  14:36  Mutalisk x4  
  148  14:43  Drone x4  
  148  14:44  Drone  
  153  14:51  Drone x6  
  159  14:52  Hatchery  
  159  14:59  Infestation Pit  
  156  15:02  Corruptor  
  156  15:03  Corruptor x5  
  165  15:09  Overseer  
  165  15:11  Zerg Flyer Armor Level 2  
  165  15:13  Drone x2  
  165  15:14  Drone x5  
  170  15:17  Extractor  
  171  15:22  Corruptor x3  
  171  15:24  Extractor, Zergling x2  
  171  15:25  Zergling x10, Unknown  
  181  15:30  Drone x3  
  181  15:33  Pneumatized Carapace  
  183  15:41  Baneling  
  183  15:42  Baneling  
  182  15:43  Baneling x5  
  182  15:44  Baneling x7  
  182  15:45  Mutalisk x3  
  182  15:48  Zergling x16  
  195  15:53  Mutalisk x2  
  186  16:06  Mutalisk x4  
  186  16:08  Zergling x20  
  180  16:13  Mutalisk x2  
  165  16:20  Mutalisk  
  165  16:21  Mutalisk  
  165  16:22  Zergling x14  
  165  16:23  Zergling x10  
  168  16:27  Overseer  
  168  16:31  Mutalisk  
  168  16:32  Mutalisk x2  
  174  16:33  Unknown  
  174  16:36  Drone  
  174  16:38  Drone  
  175  16:40  Drone x4  
  175  16:42  Mutalisk x3  
  184  16:52  Mutalisk x3  
  189  16:57  Zergling x18  
  189  16:58  Zerg Ground Armor Level 2  
  198  17:02  Hive  
  198  17:07  Spine Crawler  
  197  17:09  Spine Crawler  
  197  17:15  Zerg Melee Weapons Level 2  
  196  17:17  Mutalisk x2  
  188  17:39  Mutalisk x6  
  188  17:40  Mutalisk  
  196  17:44  Corruptor x2  
  200  17:53  Baneling x18  
  190  18:22  Overlord  
  178  18:28  Mutalisk x11  
  178  18:32  Mutalisk x2  
  197  18:40  Zergling x26  
  200  18:47  Zerg Flyer Weapons Level 3  
  199  18:53  Zergling x4  
  200  19:02  Hatchery  
  198  19:03  Adrenal Glands  
  198  19:15  Mutalisk x5  
  164  19:24  Mutalisk x6  
  164  19:28  Zergling x2  
  164  19:29  Zergling x32  
  177  19:35  Mutalisk  
  177  19:36  Mutalisk  
  181  19:40  Overseer  
  181  19:41  Mutalisk x2  
  181  19:44  Zergling x8  
  189  19:57  Mutalisk x4  
  189  19:59  Zergling x6  
  200  20:04  Unknown  
  197  20:10  Baneling  
  197  20:11  Baneling x13  
  197  20:13  Hatchery  
  196  20:16  Baneling x5  
  196  20:17  Baneling  
  196  20:18  Baneling  
  196  20:26  Mutalisk x2  
  182  20:29  Zergling x22  
  193  20:37  Mutalisk  
  193  20:38  Mutalisk  
  179  20:50  Mutalisk  
  179  20:51  Mutalisk x3  
  179  20:53  Zergling x24  
  196  21:01  Overseer  
  196  21:02  Mutalisk  
  196  21:03  Mutalisk x2  
  175  21:05  Zergling x2  
  175  21:06  Zergling x18  
  165  21:12  Corruptor  
  165  21:17  Corruptor  
  165  21:18  Queen x4  
  152  21:25  Corruptor  
  137  21:43  Corruptor x5  
  138  21:57  Corruptor  
  131  22:04  Corruptor x2  
  131  22:06  Zergling x16  
  127  22:12  Corruptor  
  125  22:17  Zergling x4  
  125  22:18  Zergling x6  
  111  22:37  Lair, Spire  
  100  22:38  Zergling x12  
  106  22:51  Hatchery  
  102  22:57  Zergling x6  
  92  23:39  Overlord x2  
  89  23:45  Spire  
  81  23:48  Corruptor x2  
  81  23:49  Corruptor  
  81  23:52  Corruptor  
  67  24:30  Unknown  
  64  24:56  Hatchery  
  64  24:58  Mutalisk x2  
  69  25:00  Mutalisk x3  
  71  25:17  Hatchery  

Tags
 
Add a new tag
Caveats
  • Supply blocks, unpowered buildings, or Contaminate may cause inaccurate times.
  • Supply counts are checked every 10 seconds.